3R
GERMANTOWN URUGUAYANS @ BOMPTON BABY LAKERS
07/20/2038
 
TOP OF THE 1ST
Germantown Uruguayans batting - Pitching for Bompton Baby Lakers : RHP Bill Holbrook
Pitching: RHP Bill Holbrook
Batting: RHB Harold Keightley 0-0: Ball
1-0: Fly out, F8 (Flyball, 8LD, EV 100.0 MPH)
Batting: RHB Tetahiti Kelala 0-0: Ball
1-0: Foul Ball, location: 2F
1-1: Ball
2-1: Foul Ball, location: 2F
2-2: Strikes out swinging
Batting: RHB Miguel Avilés 0-0: Ball
1-0: Called Strike
1-1: DOUBLE (Flyball, 89D, EV 100.0 MPH)
Batting: RHB Lachlan Thurgood 0-0: Foul Ball, location: 2F
0-1: Ball
1-1: Ball
2-1: Foul Ball, location: 2F
2-2: Foul Ball, location: 2F
2-2: SINGLE (Groundball, 56D, EV 105.0 MPH)
Miguel Avilés to third
Runner from 3rd tries for Home, SAFE, throw by LF to home
Batting: SHB Jerry Reece 0-0: Called Strike
0-1: Ball
1-1: Ball
2-1: Ball
3-1: Called Strike
3-2: Strikes out looking
Top of the 1st over - 1 run, 2 hits, 0 errors, 1 left on base; Germantown 1 - Bompton 0
BOTTOM OF THE 1ST
Bompton Baby Lakers batting - Pitching for Germantown Uruguayans : LHP Virgil Dickerson
Pitching: LHP Virgil Dickerson
Batting: RHB Ken Gil 0-0: Fly out, F8 (Flyball, 8RXD, EV 103.1 MPH)
Batting: RHB Maema Njongmeta 0-0: Ball
1-0: Ball
2-0: Ball
3-0: Base on Balls
Batting: RHB Aaron Tuttle 0-0: Ball
1-0: Ball
2-0: Swinging Strike
2-1: Fielders Choice at 2nd, 6-4 (Groundball, 56, EV 105.0 MPH)
Batting: RHB Rick Pawlowicz 0-0: Called Strike
0-1: Called Strike
0-2: Ball
1-2: Foul Ball, location: 2F
1-2: SINGLE (Line Drive, 89S, EV 96.9 MPH)
Aaron Tuttle to second
Runner from 2nd tries for 3rd, SAFE, throw by RF made to third
Batting: LHB Ben Chell 0-0: SINGLE (Groundball, 6MD, EV 95.0 MPH)
Aaron Tuttle scores
Rick Pawlowicz to second
Batting: RHB Denny Wolfe 0-0: SINGLE (Groundball, 4MD, EV 101.2 MPH)
Rick Pawlowicz to third
Ben Chell to second
Runner from 3rd tries for Home, SAFE, no throw by CF
Batting: RHB Jason Portillo 0-0: Called Strike
0-1: SINGLE (Groundball, 34, EV 105.6 MPH) (infield hit)
Ben Chell to third
Denny Wolfe to second
Batting: RHB Wei Tu 0-0: Fielders Choice at 2nd, 6-4 (Groundball, 56, EV 103.8 MPH)
Bottom of the 1st over - 2 runs, 4 hits, 0 errors, 3 left on base; Germantown 1 - Bompton 2
TOP OF THE 2ND
Germantown Uruguayans batting - Pitching for Bompton Baby Lakers : RHP Bill Holbrook
Batting: RHB Anthony McGee 0-0: Called Strike
0-1: Called Strike
0-2: Ball
1-2: Strikes out swinging
Batting: RHB Gonzalo Gómes 0-0: Ball
1-0: Reached on error, E6 (Groundball, 6, EV 101.9 MPH)
Batting: RHB Jorge Gardella 0-0: Ball
1-0: SINGLE (Line Drive, 89S, EV 102.5 MPH)
Gonzalo Gómes to third
Batting: RHB Harley Lambert 0-0: SINGLE (Line Drive, 8RS, EV 111.9 MPH)
Gonzalo Gómes scores
Jorge Gardella to second
Batting: RHB Harold Keightley 0-0: Ball
1-0: Ball
2-0: Called Strike
2-1: Fly out, F8 (Flyball, 8LM, EV 92.5 MPH)
Batting: RHB Tetahiti Kelala 0-0: Foul Ball, location: 2F
0-1: Fly out, F8 (Flyball, 8LM, EV 92.5 MPH)
Top of the 2nd over - 1 run, 2 hits, 1 error, 2 left on base; Germantown 2 - Bompton 2
BOTTOM OF THE 2ND
Bompton Baby Lakers batting - Pitching for Germantown Uruguayans : LHP Virgil Dickerson
Batting: LHB Jon Kelly 0-0: Ball
1-0: SINGLE (Line Drive, 8LS, EV 94.4 MPH)
Batting: RHB Ken Gil 0-0: SINGLE (Groundball, 56D, EV 94.4 MPH)
Jon Kelly to second
Batting: RHB Maema Njongmeta 0-0: Ball
1-0: DOUBLE (Line Drive, 8LXD, EV 103.1 MPH)
Jon Kelly scores
Ken Gil to third
Batting: RHB Aaron Tuttle 0-0: SINGLE (Line Drive, 7S, EV 103.8 MPH)
Ken Gil scores
Maema Njongmeta to third
Batting: RHB Rick Pawlowicz 0-0: Ball
1-0: Fly out, F6 (Popup, 6MS, EV 63.8 MPH)
Batting: LHB Ben Chell 0-0: Ball
1-0: Ball
2-0: Called Strike
2-1: Fly out, F7 (Flyball, 7, EV 79.4 MPH)
Batting: RHB Denny Wolfe 0-0: Swinging Strike
0-1: Ball
1-1: Ball
2-1: Ball
3-1: Base on Balls
Aaron Tuttle to second
Batting: RHB Jason Portillo 0-0: Foul Ball, location: 2F
0-1: Ball
1-1: Foul Ball, location: 2F
1-2: Ball
2-2: Strikes out swinging
Bottom of the 2nd over - 2 runs, 4 hits, 0 errors, 3 left on base; Germantown 2 - Bompton 4
TOP OF THE 3RD
Germantown Uruguayans batting - Pitching for Bompton Baby Lakers : RHP Bill Holbrook
Batting: RHB Miguel Avilés 0-0: Ball
1-0: Ball
2-0: Ball
3-0: Called Strike
3-1: Base on Balls
Batting: RHB Lachlan Thurgood 0-0: Called Strike
Miguel Avilés is caught stealing 2nd base 2-4
0-1: Ball
1-1: Foul Ball, location: 2F
1-2: Strikes out swinging
Batting: SHB Jerry Reece 0-0: Swinging Strike
0-1: Ball
1-1: Ball
2-1: Ball
3-1: Called Strike
3-2: Foul Ball, location: 2F
3-2: Strikes out swinging
Top of the 3rd over - 0 runs, 0 hits, 0 errors, 0 left on base; Germantown 2 - Bompton 4
BOTTOM OF THE 3RD
Bompton Baby Lakers batting - Pitching for Germantown Uruguayans : LHP Virgil Dickerson
Batting: RHB Wei Tu 0-0: Ball
1-0: Ball
2-0: Ball
3-0: Base on Balls
Batting: LHB Jon Kelly 0-0: Ball
1-0: Called Strike
1-1: SINGLE (Groundball, 34, EV 108.8 MPH) (infield hit)
Wei Tu to second
Batting: RHB Ken Gil 0-0: Called Strike
0-1: Called Strike
0-2: Strikes out swinging
Batting: RHB Maema Njongmeta 0-0: Called Strike
0-1: Foul Ball, location: 2F
0-2: Foul Ball, location: 2F
0-2: Ball
1-2: Grounds into double play, 6-4-3 (Groundball, 6, EV 100.6 MPH)
Bottom of the 3rd over - 0 runs, 1 hit, 0 errors, 1 left on base; Germantown 2 - Bompton 4
TOP OF THE 4TH
Germantown Uruguayans batting - Pitching for Bompton Baby Lakers : RHP Bill Holbrook
Batting: RHB Anthony McGee 0-0: Ball
1-0: Ground out 3-1 (Groundball, 34, EV 106.2 MPH)
Batting: RHB Gonzalo Gómes 0-0: Ball
1-0: Ground out 6-3 (Groundball, 6MS, EV 87.5 MPH)
Batting: RHB Jorge Gardella 0-0: Called Strike
0-1: Ball
1-1: Foul Ball, location: 2F
1-2: Strikes out swinging
Top of the 4th over - 0 runs, 0 hits, 0 errors, 0 left on base; Germantown 2 - Bompton 4
BOTTOM OF THE 4TH
Bompton Baby Lakers batting - Pitching for Germantown Uruguayans : LHP Virgil Dickerson
Batting: RHB Aaron Tuttle 0-0: Ball
1-0: Swinging Strike
1-1: Ball
2-1: Ball
3-1: Base on Balls
Batting: RHB Rick Pawlowicz 0-0: Called Strike
0-1: Ball
1-1: Called Strike
1-2: Ball
2-2: Ball
3-2: Base on Balls
Aaron Tuttle to second
Batting: LHB Ben Chell 0-0: Ball
1-0: SINGLE (Groundball, 3L, EV 108.8 MPH) (infield hit)
Aaron Tuttle to third
Rick Pawlowicz to second
Batting: RHB Denny Wolfe 0-0: Ball
1-0: Foul Ball, location: 2F
1-1: Ball
2-1: Reached on error, E4 (Groundball, 4, EV 86.9 MPH)
Aaron Tuttle scores
Rick Pawlowicz to third
Ben Chell to second
Batting: RHB Jason Portillo 0-0: Ball
1-0: Ball
2-0: Called Strike
2-1: Fly out, F6 (Flyball, 56D, EV 81.9 MPH)
Batting: RHB Wei Tu 0-0: Ball
1-0: Ball
2-0: Ball
3-0: Called Strike
3-1: Called Strike
3-2: Foul Ball, location: 2F
3-2: Strikes out swinging
Batting: LHB Jon Kelly 0-0: Called Strike
0-1: Ground out 4-3 (Groundball, 4, EV 84.4 MPH)
Bottom of the 4th over - 1 run, 1 hit, 1 error, 3 left on base; Germantown 2 - Bompton 5
TOP OF THE 5TH
Germantown Uruguayans batting - Pitching for Bompton Baby Lakers : RHP Bill Holbrook
Batting: RHB Harley Lambert 0-0: Foul Ball, location: 2F
0-1: Ball
1-1: Swinging Strike
1-2: Strikes out swinging
Batting: RHB Harold Keightley 0-0: Foul Ball, location: 2F
0-1: Foul Ball, location: 2F
0-2: Ball
1-2: Ball
2-2: Ball
3-2: Strikes out swinging
Batting: RHB Tetahiti Kelala 0-0: Foul Ball, location: 2F
0-1: Ball
1-1: Called Strike
1-2: Ball
2-2: Foul Ball, location: 2F
2-2: Foul Ball, location: 2F
2-2: Foul Ball, location: 2F
2-2: Strikes out looking
Top of the 5th over - 0 runs, 0 hits, 0 errors, 0 left on base; Germantown 2 - Bompton 5
BOTTOM OF THE 5TH
Bompton Baby Lakers batting - Pitching for Germantown Uruguayans : LHP Virgil Dickerson
Batting: RHB Ken Gil 0-0: Ball
1-0: Called Strike
1-1: Foul Ball, location: 2F
1-2: Foul Ball, location: 2F
1-2: Strikes out swinging
Batting: RHB Maema Njongmeta 0-0: Foul Ball, location: 2F
0-1: Foul Ball, location: 2F
0-2: Ball
1-2: Strikes out swinging
Batting: RHB Aaron Tuttle 0-0: Ball
1-0: Foul Ball, location: 2F
1-1: Ball
2-1: Called Strike
2-2: Single, Error in OF, E9, batter to second base (Groundball, 34D, EV 96.9 MPH)
Pitching: RHP Artemio Mondragon
Batting: RHB Rick Pawlowicz 0-0: Ball
1-0: Called Strike
1-1: Called Strike
1-2: Ball
2-2: Ball
3-2: Strikes out swinging
Bottom of the 5th over - 0 runs, 1 hit, 1 error, 1 left on base; Germantown 2 - Bompton 5
TOP OF THE 6TH
Germantown Uruguayans batting - Pitching for Bompton Baby Lakers : RHP Bill Holbrook
Pitching: RHP Yong-jun Yi
Batting: RHB Miguel Avilés 0-0: Ball
1-0: Foul Ball, location: 2F
1-1: Foul Ball, location: 2F
1-2: Ball
2-2: Foul Ball, location: 2F
2-2: Ball
3-2: Base on Balls
Batting: RHB Lachlan Thurgood 0-0: Called Strike
0-1: Swinging Strike
0-2: Ball
1-2: SINGLE (Line Drive, 6MD, EV 98.1 MPH)
Miguel Avilés to second
Batting: SHB Jerry Reece 0-0: Called Strike
0-1: Ball
1-1: Foul Ball, location: 2F
1-2: Foul Ball, location: 2F
1-2: Ball
2-2: Fielders Choice at 2nd, 3-6 (Groundball, 3, EV 86.2 MPH)
Miguel Avilés to third
Batting: RHB Anthony McGee 0-0: Called Strike
0-1: Fly out, F9 (Flyball, 9LS, EV 88.8 MPH)
Runner from 3rd tags up, SCORES, throw by RF
Batting: RHB Gonzalo Gómes 0-0: Called Strike
0-1: Ball
1-1: Foul Ball, location: 2F
1-2: Fly out, F7 (Flyball, 7, EV 78.1 MPH)
Top of the 6th over - 1 run, 1 hit, 0 errors, 1 left on base; Germantown 3 - Bompton 5
BOTTOM OF THE 6TH
Bompton Baby Lakers batting - Pitching for Germantown Uruguayans : RHP Artemio Mondragon
Batting: LHB Ben Chell 0-0: Called Strike
0-1: Called Strike
0-2: Fly out, F8 (Flyball, 89S, EV 89.4 MPH)
Batting: RHB Denny Wolfe 0-0: Ball
1-0: Called Strike
1-1: Foul Ball, location: 2F
1-2: Ball
2-2: Foul Ball, location: 2F
2-2: Strikes out swinging
Batting: RHB Jason Portillo 0-0: Called Strike
0-1: Swinging Strike
0-2: Ball
1-2: Strikes out swinging
Bottom of the 6th over - 0 runs, 0 hits, 0 errors, 0 left on base; Germantown 3 - Bompton 5
TOP OF THE 7TH
Germantown Uruguayans batting - Pitching for Bompton Baby Lakers : RHP Yong-jun Yi
Batting: RHB Jorge Gardella 0-0: SINGLE (Groundball, 56D, EV 96.2 MPH)
Batting: RHB Harley Lambert 0-0: Called Strike
0-1: Ball
1-1: Ball
2-1: Called Strike
2-2: Strikes out swinging
Batting: RHB Harold Keightley 0-0: Foul Ball, location: 2F
0-1: Fielders Choice at 2nd, 1-6 (Groundball, 13S, EV 75.0 MPH)
Batting: RHB Tetahiti Kelala 0-0: Ball
1-0: SINGLE (Groundball, 25, EV 68.8 MPH) (infield hit)
Harold Keightley to second
Batting: RHB Miguel Avilés 0-0: Called Strike
0-1: Foul Ball, location: 2F
0-2: Strikes out looking
Top of the 7th over - 0 runs, 2 hits, 0 errors, 2 left on base; Germantown 3 - Bompton 5
BOTTOM OF THE 7TH
Bompton Baby Lakers batting - Pitching for Germantown Uruguayans : RHP Artemio Mondragon
Batting: RHB Wei Tu 0-0: Ground out 1-3 (Groundball, 13S, EV 63.1 MPH)
Batting: LHB Jon Kelly 0-0: Called Strike
0-1: Foul Ball, location: 2F
0-2: SINGLE (Flyball, 56D, EV 86.9 MPH)
Batting: RHB Ken Gil 0-0: Foul Ball, location: 2F
0-1: Foul Ball, location: 2F
0-2: SINGLE (Groundball, 3, EV 89.4 MPH) (infield hit)
Jon Kelly to second
Batting: RHB Maema Njongmeta 0-0: Grounds into double play, 3-6-3 (Groundball, 34, EV 106.9 MPH)
Bottom of the 7th over - 0 runs, 2 hits, 0 errors, 1 left on base; Germantown 3 - Bompton 5
TOP OF THE 8TH
Germantown Uruguayans batting - Pitching for Bompton Baby Lakers : RHP Yong-jun Yi
Batting: RHB Lachlan Thurgood 0-0: Ball
1-0: Swinging Strike
1-1: Called Strike
1-2: DOUBLE (Flyball, 7LD, EV 110.6 MPH)
Batting: SHB Jerry Reece 0-0: Called Strike
0-1: Called Strike
0-2: Foul Ball, location: 2F
0-2: Ground out 2-3 (Groundball, 2L, EV 73.8 MPH)
Lachlan Thurgood to third
Batting: RHB Anthony McGee 0-0: Fly out, F3 (Popup, 23F, EV 80.0 MPH)
Batting: RHB Gonzalo Gómes 0-0: Ball
1-0: Ball
2-0: Ball
3-0: Called Strike
3-1: SINGLE (Line Drive, 7S, EV 103.8 MPH)
Lachlan Thurgood scores
Batting: RHB Jorge Gardella 0-0: Called Strike
0-1: Foul Ball, location: 2F
0-2: Ball
1-2: Strikes out swinging
Top of the 8th over - 1 run, 2 hits, 0 errors, 1 left on base; Germantown 4 - Bompton 5
BOTTOM OF THE 8TH
Bompton Baby Lakers batting - Pitching for Germantown Uruguayans : RHP Artemio Mondragon
Batting: RHB Aaron Tuttle 0-0: Ball
1-0: Ball
2-0: Ball
3-0: Base on Balls
Batting: RHB Rick Pawlowicz 0-0: Ball
1-0: Ball
2-0: Foul Ball, location: 2F
2-1: Ball
3-1: SINGLE (Line Drive, 7S, EV 90.0 MPH)
Aaron Tuttle to second
Batting: LHB Ben Chell 0-0: Ball
1-0: Foul Ball, location: 2F
1-1: SINGLE (Groundball, 4MD, EV 98.1 MPH)
Aaron Tuttle to third
Rick Pawlowicz to second
Batting: RHB Denny Wolfe 0-0: SINGLE (Groundball, 34D, EV 96.9 MPH)
Aaron Tuttle scores
Rick Pawlowicz to third
Ben Chell to second
Batting: RHB Jason Portillo 0-0: Ball
1-0: Single, Error in OF, E7, batter to second base (Line Drive, 7S, EV 108.1 MPH)
Rick Pawlowicz scores
Ben Chell scores
Denny Wolfe to third
Pitching: LHP Ka-fei Sun
Batting: RHB Wei Tu 0-0: Ball
1-0: Swinging Strike
1-1: Swinging Strike
1-2: Ball
2-2: Strikes out swinging
Batting: LHB Jon Kelly 0-0: Ball
1-0: Ball
2-0: Ball
3-0: Called Strike
3-1: Base on Balls
Batting: RHB Ken Gil 0-0: Swinging Strike
0-1: Ball
1-1: Ball
2-1: Called Strike
2-2: Ball
3-2: Strikes out swinging
Batting: RHB Maema Njongmeta 0-0: Ball
1-0: Called Strike
1-1: Called Strike
1-2: Ball
2-2: Ball
3-2: Foul Ball, location: 2F
3-2: Foul Ball, location: 2F
3-2: Foul Ball, location: 2F
3-2: Reached on error, E1 (Groundball, 25, EV 83.1 MPH)
Denny Wolfe scores
Jason Portillo scores
Jon Kelly to third
Batting: RHB Aaron Tuttle 0-0: Called Strike
0-1: Called Strike
0-2: Ball
1-2: Strikes out swinging, 2-3 out at first.
Bottom of the 8th over - 5 runs, 4 hits, 2 errors, 2 left on base; Germantown 4 - Bompton 10
TOP OF THE 9TH
Germantown Uruguayans batting - Pitching for Bompton Baby Lakers : RHP Yong-jun Yi
Batting: RHB Harley Lambert 0-0: SINGLE (Groundball, 6MD, EV 98.1 MPH)
Batting: RHB Harold Keightley 0-0: Ball
1-0: SINGLE (Line Drive, 7LS, EV 95.6 MPH)
Harley Lambert to second
Batting: RHB Tetahiti Kelala 0-0: Foul Ball, location: 2F
0-1: Ball
1-1: Ball
2-1: Foul Ball, location: 2F
2-2: Fielders Choice at 2nd, 1-4 (Groundball, P, EV 82.5 MPH)
Harley Lambert to third
Pitching: RHP Pierre Vannier
Batting: RHB Miguel Avilés 0-0: Foul Ball, location: 2F
0-1: Called Strike
0-2: Strikes out swinging
Batting: RHB Lachlan Thurgood 0-0: Ball
1-0: Called Strike
1-1: Ball
2-1: Called Strike
2-2: Foul Ball, location: 2F
2-2: SINGLE (Line Drive, 6D, EV 98.1 MPH)
Harley Lambert scores
Tetahiti Kelala to second
Batting: SHB Jerry Reece 0-0: Called Strike
0-1: Ball
1-1: Foul Ball, location: 2F
1-2: Strikes out swinging
Top of the 9th over - 1 run, 3 hits, 0 errors, 2 left on base; Germantown 5 - Bompton 10
Friday, April 17th, 2020 - OOTP Baseball 20.8 Build 74